 Dungeon Crawl Stone Soup version 0.29-a0-541-gaf1fc19f1b (webtiles) character file.

Game seed: 7865490721781542533

7732 lunkers the Artisan of Death (level 11, 0/52 (68) HPs)
             Began as a Vampire Necromancer on June 1, 2022.
             Was a Priest of Kikubaaqudgha.
             Slain by an orc warrior
             ... wielding a +1 halberd of electrocution
              (20 damage)
             ... in a bailey on June 2, 2022.
             The game lasted 00:36:09 (10278 turns).

lunkers the Artisan of Death (Vampire Necromancer) Turns: 10278, Time: 00:36:09

HP:   0/52 (68)     AC: 17    Str:  7    XL:     11   Next: 0%
MP:   29/33         EV: 10    Int: 22    God:    Kikubaaqudgha [***...]
Gold: 476           SH:  0    Dex: 15    Spells: 20/28 levels left

rFire   . . .      SeeInvis +   b - +2 demon whip (venom)
rCold   . . .      Faith    .   (no shield)
rNeg    . . .      Spirit   .   p - +4 ring mail
rPois   .          Reflect  .   (no helmet)
rElec   .          Harm     .   j - +0 cloak
rCorr   .          Rampage  .   C - +0 pair of gloves
Will    +....                   q - +1 pair of boots
Stlth   ++........              m - amulet of regeneration
HPRegen 1.17/turn               y - ring of magical power
MPRegen 0.23/turn               B - +4 ring of protection

@: healing quickly, heavily drained
A: alive, fangs 3, see invisible, vampiric 2
a: Exsanguinate, Renounce Religion, Unearth Wretches


You were in a bailey.
You worshipped Kikubaaqudgha.
Kikubaaqudgha was most pleased with you.
You visited 2 branches of the dungeon, and saw 11 of its levels.
You also visited: Bailey.

You collected 476 gold pieces.

Inventory:

Hand Weapons
 a - a +5 dagger of flaming
 b - a +2 demon whip of venom (weapon)
 l - a +1 short sword of venom
 t - a +2 dagger of venom
 z - a +2 falchion of draining
 L - a +2 dagger of speed
Armour
 j - a +0 cloak (worn)
 p - a +4 ring mail (worn)
 q - a +1 pair of boots (worn)
 C - a +0 pair of gloves (worn)
Magical Staves
 I - a staff of death
Jewellery
 m - an amulet of regeneration (around neck)
 x - a ring of fire
 y - a ring of magical power (left hand)
 B - a +4 ring of protection (right hand)
 M - a ring of magical power
Wands
 n - a wand of digging (7)
 H - a wand of iceblast (3)
Scrolls
 d - 3 scrolls of enchant armour
 f - a scroll of amnesia
 s - a scroll of fog
 A - 3 scrolls of teleportation
 F - a scroll of blinking
Potions
 c - 3 potions of lignification
 e - 3 potions of attraction
 g - 2 potions of magic
 h - 7 potions of heal wounds
 i - 2 potions of curing
 k - 2 potions of ambrosia
 o - 3 potions of cancellation
 r - 2 potions of flight
 u - 3 potions of brilliance
 v - 2 potions of resistance {unknown}
 E - a potion of haste {unknown}
 K - 2 potions of mutation {unknown}


   Skills:
 - Level 2.1 Dodging
 - Level 3.0 Stealth
 + Level 9.3 Spellcasting
 * Level 15.5 Necromancy


You had 20 spell levels left.
You knew the following spells:

 Your Spells              Type           Power      Damage    Failure   Level
a - Necrotize             Necr           100%       1d9       1%          1
b - Vampiric Draining     Necr           68%        2d10      1%          3
c - Animate Dead          Necr           68%        N/A       1%          4

Your spell library contained the following spells:

 Spells                   Type           Power      Damage    Failure   Level
 Dispel Undead            Necr           68%        3d23      1%          4
 Agony                    Necr           68%        N/A       1%          5
 Death Channel            Necr           34%        N/A       6%          6
 Anguish                  Hex/Necr       22%        N/A       10%         4
 Shock                    Conj/Air       40%        1d5       24%         1
 Corpse Rot               Necr/Pois/Air  33%        N/A       26%         4
 Blink                    Tloc           20%        N/A       34%         2
 Static Discharge         Conj/Air       10%        N/A       34%         2
 Frozen Ramparts          Ice            20%        1d4       56%         3
 Gell's Gravitas          Tloc           10%        N/A       56%         3
 Swiftness                Air            10%        N/A       56%         3
 Teleport Other           Tloc           10%        N/A       56%         3
 Simulacrum               Ice/Necr       22%        N/A       82%         6
 Airstrike                Air            5%         N/A       93%         4
 Ice Form                 Ice/Tmut       10%        N/A       93%         4
 Summon Ice Beast         Ice/Summ       10%        N/A       93%         4
 Lightning Bolt           Conj/Air       5%         1d17      100%        5
 Manifold Assault         Tloc           10%        N/A       100%        5
 Dispersal                Tloc           5%         N/A       100%        6
 Storm Form               Tmut/Air       5%         N/A       100%        7
 Maxwell's Capacitive Co  Air            5%         ∞         100%        8


Dungeon Overview and Level Annotations

Branches:
Dungeon (10/15)            Temple (1/1) D:4            Lair (0/6) D:10
 Bailey (1/1)
    Orc: D:9-12

Altars:
Ashenzari
Cheibriados
Dithmenos
Elyvilon
Fedhas
Gozag
Hepliaklqana
Kikubaaqudgha
Makhleb
Nemelex Xobeh
Okawaru
Qazlal
Ru
Sif Muna
Trog
Uskayaw
Vehumet
Wu Jian
Xom
Yredelemnul
Zin
The Shining One

Shops:
D:2 !


Innate Abilities, Weirdness & Mutations

Your natural rate of healing is accelerated.
You have razor-sharp teeth.
You have supernaturally acute eyesight. (SInv)
You are afflicted with vampirism and can become a bat while bloodless.


Message History

Casting: Necrotize (safe; 1% risk of failure)
Confirm with . or Enter, or press ? or * to list all spells.
The orc warrior writhes in agony.
The orc warrior hits you but does no damage.
There is an open door here.
Casting: Necrotize (safe; 1% risk of failure)
Confirm with . or Enter, or press ? or * to list all spells.
The orc warrior writhes in agony!
The orc warrior hits you from afar with a +1 halberd of electrocution.
The orc warrior closely misses you. The gnoll closely misses you.
There is an open door here.
You barely miss the orc warrior.
You bite the orc warrior, but do no damage.
The orc warrior is heavily wounded.
The orc warrior hits you but does no damage.
The gnoll barely misses you.
You hit the orc warrior.
The orc warrior is poisoned.
You bite the orc warrior, but do no damage.
The orc warrior is heavily wounded.
The orc warrior misses you. The gnoll hits you but does no damage.
You are electrocuted!!
You hit the orc warrior but do no damage.
The orc warrior looks as sick as possible!
You bite the orc warrior, but do no damage.
The orc warrior is heavily wounded.
The orc warrior barely misses you.
The gnoll hits you from afar with a +2 halberd of electrocution.
* * * LOW HITPOINT WARNING * * *
Casting: Necrotize (safe; 1% risk of failure)
Confirm with . or Enter, or press ? or * to list all spells.
Aiming: Vampiric Draining (safe; 1% risk of failure)
Press: ? - help, Shift-Dir - straight line, f/p - orc warrior
Aim: an orc warrior, wielding a +1 halberd of electrocution and wearing a +0 plate armour (heavily wounded, extremely poisoned)
You draw life force from the orc warrior!
You feel life coursing into your body.
The orc warrior hits you with a +1 halberd of electrocution!
* * * LOW HITPOINT WARNING * * *
You are electrocuted!!
You die...
Kikubaaqudgha rasps: "You have failed me!
Welcome... death!"

#g#.###)###)#
+##'
+###'##'##'##
#!.! ##.....##
#.!.!
###.....###
+!.⌠.
#)'..⌠).')#
..!.
###.....###
.g# ##.....##
#g###'##'##'##
#o@.###)###)#
##### ### ###


You could see an orc warrior (extremely poisoned) and 2 gnolls.

Vanquished Creatures
  A two-headed ogre (D:9)
  Amaemon (D:8)
  Pikel (D:8)
  An orange demon (D:8)
  A komodo dragon (D:10)
  A troll (D:9)
  2 wyverns
  5 humans (D:6)
  3 yaks (D:9)
  2 steam dragons
  5 vampire mosquitoes
  3 water moccasins
  Duvessa (D:7)
  2 orc warriors
  A sky beast (D:6)
  2 centaurs
  4 kobold brigands
  A phantom (D:5)
  4 bullfrogs
  A necrophage (D:6)
  A scorpion (D:6)
  Dowan (D:7)
  4 wights
  3 killer bees (D:9)
  2 howler monkeys
  A gnoll shaman (D:10)
  5 hounds
  6 orc priests
  Jessica (D:2)
  3 iguanas
  Terence (D:2)
  9 orc wizards
  15 gnolls
  4 adders
  A white imp (D:8)
  An ufetubus (D:6)
  6 worms
  4 dart slugs
  39 orcs
  5 bats
  9 endoplasms
  4 giant cockroaches
  12 goblins
  10 hobgoblins
  4 jackals (D:2)
  5 quokkas
  5 ball pythons
  2 frilled lizards
  28 kobolds
  8 rats
241 creatures vanquished.

Vanquished Creatures (collateral kills)
  A rat (D:3)
1 creature vanquished.

Vanquished Creatures (others)
  An orc wizard (D:5)
  2 plants (D:10)
3 creatures vanquished.

Grand Total: 245 creatures vanquished

Notes
Turn   | Place    | Note
-------+----------+-------------------------------------------
     0 | D:1      | lunkers the Vampire Necromancer began the quest for the
                  | Orb.
     0 | D:1      | Reached XP level 1. HP: 13/13 MP: 3/3
   105 | D:1      | Found a faded altar of an unknown god.
   526 | D:1      | Reached XP level 2. HP: 19/19 MP: 3/5
   926 | D:1      | Reached skill level 5 in Necromancy
  1215 | D:1      | Gained mutation: You are afflicted with vampirism and can
                  | become a bat while bloodless. [Vampire growth]
  1215 | D:1      | Reached XP level 3. HP: 10/24 MP: 2/6
  1592 | D:2      | Upgraded the game from 0.29-a0-529-gfa20dd96a1 to
                  | 0.29-a0-541-gaf1fc19f1b
  2091 | D:2      | Noticed Jessica
  2093 | D:2      | Killed Jessica
  2094 | D:2      | Reached XP level 4. HP: 30/30 MP: 5/8
  2152 | D:2      | Noticed Terence
  2153 | D:2      | Found Ykifer's Distillery.
  2172 | D:2      | Killed Terence
  2173 | D:2      | Reached skill level 6 in Necromancy
  2182 | D:2      | Learned a level 3 spell: Vampiric Draining
  2187 | D:2      | Learned a level 4 spell: Animate Dead
  2468 | D:2      | Reached XP level 5. HP: 35/35 MP: 7/9
  3948 | D:4      | Found a staircase to the Ecumenical Temple.
  3971 | Temple   | Entered the Ecumenical Temple
  4242 | Temple   | Became a worshipper of Kikubaaqudgha
  4351 | D:4      | Reached skill level 7 in Necromancy
  4476 | D:4      | Reached XP level 6. HP: 41/41 MP: 11/11
  4712 | D:5      | Entered Level 5 of the Dungeon
  4799 | D:5      | Noticed an orc warrior
  4815 | D:5      | Killed an orc warrior
  4918 | D:5      | Reached skill level 8 in Necromancy
  4978 | D:5      | Reached XP level 7. HP: 46/46 MP: 13/13
  5937 | D:6      | Reached skill level 5 in Spellcasting
  5937 | D:6      | Reached skill level 9 in Necromancy
  5953 | D:5      | Reached * piety under Kikubaaqudgha
  5953 | D:5      | Received a gift from Kikubaaqudgha
  6053 | D:6      | Reached XP level 8. HP: 44/52 MP: 15/15
  6260 | D:6      | Reached skill level 10 in Necromancy
  6288 | D:6      | Reached skill level 11 in Necromancy
  6414 | D:6      | Reached XP level 9. HP: 31/57 MP: 11/18
  6670 | D:6      | Reached ** piety under Kikubaaqudgha
  6833 | D:7      | Identified the +1 leather armour of Too Many Cooks {+Inv
                  | Dex+4}
  6946 | D:7      | Reached skill level 12 in Necromancy
  6977 | D:7      | Noticed Duvessa
  6977 | D:7      | Noticed Dowan
  6992 | D:7      | Killed Duvessa
  7002 | D:7      | Killed Dowan
  7952 | D:8      | Noticed Pikel
  7989 | D:8      | Killed Pikel
  7990 | D:8      | Reached skill level 13 in Necromancy
  8338 | D:8      | Noticed an orange demon
  8339 | D:8      | Noticed Amaemon
  8345 | D:8      | Killed an orange demon
  8363 | D:8      | Killed Amaemon
  8364 | D:8      | Reached XP level 10. HP: 21/63 MP: 22/22
  8663 | D:8      | Found a sparkling altar of Nemelex Xobeh.
  8807 | D:9      | Noticed a two-headed ogre
  8818 | D:9      | Reached skill level 14 in Necromancy
  8833 | D:9      | Killed a two-headed ogre
  9616 | D:9      | Reached skill level 15 in Necromancy
  9622 | D:9      | Reached *** piety under Kikubaaqudgha
  9622 | D:9      | Received a gift from Kikubaaqudgha
  9744 | D:10     | Entered Level 10 of the Dungeon
  9997 | D:10     | Found a staircase to the Lair.
 10086 | D:10     | Found a flagged portal.
 10101 | Bailey   | Entered a bailey
 10169 | Bailey   | Reached XP level 11. HP: 66/66 MP: 24/24
 10278 | Bailey   | Slain by an orc warrior

Illustrated notes

Levels and vault maps discovered:
D:1:      sevenhm_arrival_forest_fort_small_5, layout_basic,
          hellmonk_ecumenical_altar_blasted, minmay_box_of_dots
D:2:      layout_loops_corners, serial_shops, nicolae_square_shop,
          minmay_vboxes, uniq_jessica, uniq_terence
D:3:      layout_loops_ring, grunt_ministairs_1, minmay_misc_feat_square
D:4:      layout_loops_ring, minmay_temple_entry_tees
D:5:      layout_loops_corners
D:6:      layout_rooms, minmay_ruffians
D:7:      layout_rooms, chequers_serial_rivers_micro_e,
          minmay_misc_feat_pillars, uniq_duvessa
D:8:      layout_loops_ring, nemelex_diamond_rough_becter, uniq_amaemon,
          uniq_pikel
D:9:      layout_roguey
D:10:     layout_loops_ring, david_lair_shrubbed, enter_bailey_3
Temple:   mainiacjoe_temple_hex_bubbles
Bailey:   bailey_polearm_nasty_gnolls, bailey

Skill      XL: |  1  2  3  4  5  6  7  8  9 10 |
---------------+-------------------------------+-----
Necromancy     | 5 6 7 8 9 11 13 15 | 15.5
Spellcasting   | 3 4 5 6 8 9 |  9.3
Dodging        | |  2.1
Stealth        | |  3.0

Action                   |  1- 3 |  4- 6 |  7- 9 | 10-12 || total
-------------------------+-------+-------+-------+-------++-------
Melee: Unarmed           |     4 |       |       |       ||     4
       Short sword       |    25 |    72 |   229 |       ||   326
       Bite              |     5 |     7 |    43 |    33 ||    88
       Punch             |       |     4 |     4 |     4 ||    12
       Dagger            |       |       |    98 |       ||    98
       Demon whip        |       |       |       |   265 ||   265
 Cast: Necrotize         |    57 |    95 |    68 |    32 ||   252
       Vampiric Draining |       |     1 |    34 |    21 ||    56
Evoke: Wand              |       |       |     8 |       ||     8
  Use: Scroll            |       |    17 |     5 |       ||    22
       Potion            |       |       |     2 |     2 ||     4
 Stab: Sleeping          |       |     1 |       |     3 ||     4
Armor: Robe              |    10 |    12 |       |       ||    22
       Ring mail         |       |     2 |   212 |   224 ||   438
       Skin              |       |       |    20 |       ||    20
Dodge: Dodged            |    18 |    48 |   215 |   243 ||   524

Table legend: (Time is in decaauts)
 A = Elapsed time spent in this place.
 B = Non-inter-level travel time spent in this place.
 C = Inter-level travel time spent in this place.
 D = Time resting spent in this place.
 E = Time spent auto-exploring this place.
 F = Levels seen in this place.
 G = Mean time per level.
                   A        B        C        D        E       F      G
               +--------+--------+--------+--------+--------+-----+--------+
         Total |  10340 |   9967 |    373 |    200 |   7518 |  12 |  861.7 |
       Dungeon |   9877 |   9555 |    322 |    200 |   7218 |  10 |  987.7 |
        Temple |    281 |    230 |     51 |      0 |    228 |   1 |  281.0 |
        Bailey |    181 |    181 |      0 |      0 |     72 |   1 |  181.0 |
               +--------+--------+--------+--------+--------+-----+--------+

Top non-repeatable levels by time:
     D:1: 1492 daAuts
     D:5: 1277 daAuts
     D:2: 1211 daAuts
     D:9: 1135 daAuts
     D:8: 982 daAuts
     D:4: 976 daAuts
     D:7: 963 daAuts
     D:6: 825 daAuts
     D:3: 758 daAuts
  Temple: 281 daAuts
    D:10: 254 daAuts
  Bailey: 181 daAuts
